 Dungeon Crawl Stone Soup version 0.32-a0-120-gfac0567ad4 (webtiles) character file.

Game seed: 14420692030063540228

217 Azoth the Skirmisher (level 5, -3/31 HPs)
             Began as a Deep Elf Hunter on Feb 6, 2024.
             Slain by Grinder the hell rat (16 damage)
             ... on level 3 of the Dungeon.
             The game lasted 00:03:40 (2057 turns).

Azoth the Skirmisher (Deep Elf Hunter)              Turns: 2057, Time: 00:03:40

Health: -3/31      AC:  4    Str:  8    XL:     5   Next: 62%
Magic:  7/7        EV: 12    Int: 14    God:
Gold:   192        SH:  0    Dex: 20    Spells: 4/4 levels left

rFire   . . .        a - +0 shortbow
rCold   . . .        (shield currently unavailable)
rNeg    . . .        c - +0 leather armour
rPois   .            (no helmet)
rElec   .            (no cloak)
rCorr   .            b - +0 pair of gloves
SInv    .            (no boots)
Will    .....        (no amulet)
Stlth   ++           (no ring)
HPRegen 0.25/turn    (no ring)
MPRegen 0.10/turn

%: no passive effects
@: no status effects
A: no striking features
a: no special abilities


You were on level 3 of the Dungeon.
You visited 1 branch of the dungeon, and saw 3 of its levels.

You collected 192 gold pieces.

Inventory:

Hand Weapons
 a - a +0 shortbow (weapon)
Armour
 b - a +0 pair of gloves (worn)
 c - a +0 leather armour (worn)
Wands
 j - a wand of charming (6)
 n - a wand of polymorph (5)
Scrolls
 d - a scroll of immolation {unknown}
 e - a scroll of revelation {unknown}
 f - 2 scrolls of identify {unknown}
 g - a scroll of vulnerability {unknown}
 h - 2 scrolls of teleportation {unknown}
 i - a scroll of fog {unknown}
 m - a scroll of noise {unknown}
Potions
 k - 2 potions of lignification {unknown}
 l - 2 potions of mutation {unknown}


   Skills:
 + Level 2.4 Fighting
 + Level 8.0 Ranged Weapons
 * Level 1.5 Armour
 + Level 2.6 Dodging
 + Level 1.4 Stealth


You had 4 spell levels left.
You didn't know any spells.
Your spell library contained the following spells:

 Spells                   Type           Power      Damage    Failure   Level
 Cigotuvi's Dreadful Rot  Necr/Alch/Air  0%         N/A       52%         2
 Dispel Undead            Necr           0%         3d6       99%         4
 Ignite Poison            Fire/Alch      0%         N/A       99%         4
 Martyr's Knell           Necr/Summ      0%         N/A       99%         4
 Freezing Cloud           Conj/Ice/Air   0%         6-21      100%        5
 Death Channel            Necr           0%         N/A       100%        6


Dungeon Overview and Level Annotations

Branches:
Dungeon (3/15)

Altars:

Annotations:
D:3 Grinder


Message History

Aiming: Polymorph
Press: ? - help, Q - select action, (/) - cycle Shift-Dir - straight line, f - Grinder, p - endoplasm
Aim: Grinder (will become a red devil, a hell hound, or a neqoxec, chance to affect: 49%) Grinder evaporates and reforms as a hell hound!
Your endoplasm closely misses Grinder.
You shoot an arrow. The arrow hits Grinder.
Grinder is lightly wounded.
You shoot an arrow.
The arrow hits Grinder but does no damage.
Grinder is lightly wounded.
Grinder breathes flames at you. The blast of flame hits you!!
Ouch! That really hurt!
You are too injured to fight recklessly!
Aiming: Polymorph
Press: ? - help, Q - select action, (/) - cycle Shift-Dir - straight line, f/p - Grinder
Aim: Grinder the hell hound (lightly wounded, catching its breath, ally target, will become a hell rat, an efreet, or a chaos spawn, chance to affect: 49%) Grinder resists with some effort.
Unknown command.
Aiming: Polymorph
Press: ? - help, Q - select action, (/) - cycle Shift-Dir - straight line, f/p - Grinder
Aim: Grinder the hell hound (lightly wounded, catching its breath, ally target, will become a hell rat, an efreet, or a chaos spawn, chance to affect: 49%) Grinder the hell hound evaporates and reforms as a hell rat!
Your endoplasm freezes Grinder.
Grinder is frozen.
You shoot an arrow. The arrow hits Grinder.
Grinder is almost dead.
Grinder misses you.
You shoot an arrow. The arrow barely misses Grinder.
Grinder closely misses you.
Your endoplasm freezes Grinder.
Grinder is frozen.
You shoot an arrow. The arrow completely misses Grinder.
Grinder barely misses your endoplasm.
Your endoplasm barely misses Grinder.
You shoot an arrow.
The arrow hits Grinder but does no damage.
Grinder is almost dead.
Grinder bites you!
Ouch! That really hurt!
You die...

#.# #.#######
#........ #.#######
#.# . ##.### ...
#....#
.....##########....#
.....Jr@......'.>..#
.....##########....#
... #....# . #....#
#....# #....# #....#
# ##.### # #.# ##


You could see Grinder the hell rat (ally target) and a friendly endoplasm
(charmed).

Vanquished Creatures
  Ijyb (D:2)
  Natasha (thrice) (D:2)
  6 adders
  2 dart slugs
  4 orcs (D:3)
  2 bats (D:1)
  2 endoplasms (D:2)
  3 giant cockroaches
  12 goblins
  7 hobgoblins
  A quokka (D:1)
  4 ball pythons
  5 frilled lizards
  3 kobolds
  3 rats
58 creatures vanquished.

Notes
Turn   | Place    | Note
-------+----------+-------------------------------------------
     0 | D:1      | Azoth the Deep Elf Hunter began the quest for the Orb.
     0 | D:1      | Reached XP level 1. HP: 12/12 MP: 3/3
   219 | D:1      | Reached XP level 2. HP: 16/16 MP: 4/4
   253 | D:1      | Reached skill level 6 in Ranged Weapons
   574 | D:2      | Reached XP level 3. HP: 20/20 MP: 5/5
   732 | D:2      | Reached skill level 1 in Armour
   738 | D:2      | Noticed Ijyb
   801 | D:2      | Killed Ijyb
   802 | D:2      | Reached XP level 4. HP: 4/26 MP: 6/6
   925 | D:2      | Reached skill level 7 in Ranged Weapons
  1004 | D:2      | Noticed Natasha
  1011 | D:2      | Killed Natasha
  1067 | D:2      | Noticed Natasha
  1078 | D:2      | Killed Natasha
  1117 | D:2      | Noticed a great orb of eyes
  1119 | D:2      | Found a faded altar of an unknown god.
  1124 | D:2      | Noticed Natasha
  1124 | D:2      | Noticed a golden eye
  1124 | D:2      | Noticed a golden eye
  1124 | D:2      | Noticed an eye of devastation
  1180 | D:2      | Reached XP level 5. HP: 30/30 MP: 7/7
  1534 | D:2      | Killed Natasha
  1903 | D:3      | Reached skill level 8 in Ranged Weapons
  2047 | D:3      | Noticed Grinder
  2049 | D:3      | Grinder changed into Grinder the hell hound
  2049 | D:3      | Noticed Grinder
  2053 | D:3      | Grinder the hell hound changed into Grinder the hell rat
  2053 | D:3      | Noticed Grinder
  2057 | D:3      | Slain by Grinder the hell rat

Illustrated notes

Levels and vault maps discovered:
D:1:      dpeg_arrival_simpleton_c, layout_rooms, corexii_leaking_fountain
D:2:      kennysheep_the_goblin_king, layout_basic,
          hellmonk_ecumenical_altar_watching_god,
          minmay_misc_feat_secret_circle, uniq_natasha
D:3:      layout_basic, hex_tiny, minivault_23, guppyfry_early_orc_mine,
          uniq_grinder

Skill      XL: |  1  2  3  4  5 |
---------------+----------------+-----
Ranged Weapons | 6 7 8 |  8.0
Armour         | 1 |  1.5
Fighting       | 2 |  2.4
Dodging        | |  2.6
Stealth        | |  1.4

Action                     |  1- 3 |  4- 6 || total
---------------------------+-------+-------++-------
  Melee: Shortbow          |     8 |       ||     8
   Fire: Shortbow          |   115 |    95 ||   210
  Evoke: Wand              |       |     4 ||     4
    Use: Scroll            |     1 |       ||     1
         Potion            |     1 |       ||     1
 Armour: Leather armour    |    36 |    24 ||    60
  Dodge: Dodged            |    48 |    24 ||    72

Table legend: (Time is in decaauts)
 A = Elapsed time spent in this place.
 B = Non-inter-level travel time spent in this place.
 C = Inter-level travel time spent in this place.
 D = Time resting spent in this place.
 E = Time spent auto-exploring this place.
 F = Levels seen in this place.
 G = Mean time per level.
                   A        B        C        D        E       F      G
               +--------+--------+--------+--------+--------+-----+--------+
         Total |   2097 |   1981 |    116 |      0 |   1571 |   3 |  699.0 |
       Dungeon |   2097 |   1981 |    116 |      0 |   1571 |   3 |  699.0 |
               +--------+--------+--------+--------+--------+-----+--------+

Top non-repeatable levels by time:
     D:2: 1139 daAuts
     D:3: 508 daAuts
     D:1: 450 daAuts
